 Dungeon Crawl Stone Soup version 0.31-a0-210-gccc998df9b (webtiles) character file.

Game seed: 9682670856432103297

7966 kae the Transmogrifier (level 11, 0/90 HPs)
             Began as a Demonspawn Transmuter on June 29, 2023.
             Was an Elder of Qazlal.
             Succumbed to a water moccasin's poison
             ... on level 1 of the Lair of Beasts.
             The game lasted 00:09:40 (10275 turns).

kae the Transmogrifier (Demonspawn Transmuter)     Turns: 10275, Time: 00:09:41

Health: 0/90       AC:  8    Str: 13    XL:     11   Next: 3%
Magic:  2/17       EV: 10    Int: 18    God:    Qazlal [****..]
Gold:   652        SH:  5    Dex: 17    Spells: 8/18 levels left

rFire   x .          .
                       - Unarmed
rCold   + + +        (shield currently unavailable)
rNeg    . . .        a - melded +0 robe
rPois   +            u - melded +2 helmet
rElec   .            t - melded +2 cloak
rCorr   +            (gloves currently unavailable)
SInv    .            (boots currently unavailable)
Will    ++...        k - amulet of Twilight {Spirit Str+2 Dex+3}
Stlth   +            R - ring of resist corrosion
HPRegen 0.35/turn    s - ring of willpower
MPRegen 0.15/turn

%: repel missiles, guardian spirit
@: lethally poisoned (0 -> -10), ice-form, wereblooded, enlightened, flying
A: freezing attack, amphibious, boosted hp, large, demonic guardian 1, powered
by pain 3, (sharp scales 2), (demonic touch 2)
a: End Transformation, Renounce Religion, Upheaval, Elemental Force


You were on level 1 of the Lair of Beasts.
You worshipped Qazlal.
Qazlal was greatly pleased with you.
You were a creature of crystalline ice.
You visited 2 branches of the dungeon, and saw 11 of its levels.

You collected 652 gold pieces.


Innate Abilities, Weirdness & Mutations

You are a creature of crystalline ice.
You have a powerful freezing melee attack.
You are amphibious.
Your maximum health is increased.
Your armour is entirely melded.
You are incapable of wielding weapons or throwing items.
A weak demonic guardian rushes to your aid.
You are powered by pain.
((You are mostly covered in razor-sharp scales. (AC +2, Slay +2)))
((Your touch may inflict irresistible damage on your foes.))


   Skills:
 + Level 3.4 Fighting
 + Level 2.9 Armour
 - Level 1.7 Dodging
 + Level 8.0 Unarmed Combat
 - Level 4.0 Spellcasting
 * Level 10.9 Transmutations
 - Level 5.0 Ice Magic
 - Level 2.0 Poison Magic
 + Level 4.3 Invocations


You had 8 spell levels left.
You knew the following spells:

 Your Spells              Type           Power      Damage    Failure   Level
a - Beastly Appendage     Tmut           86%        N/A       1%          1
b - Wereblood             Tmut           43%        N/A       1%          2
c - Spider Form           Tmut/Pois      26%        N/A       3%          3
d - Ice Form              Ice/Tmut       32%        N/A       5%          4

Your spell library contained the following spells:

 Spells                   Type           Power      Damage    Failure   Level
 Sting                    Tmut/Pois      100%       1d8       1%          1
 Ignite Poison            Fire/Tmut/Pois 19%        N/A       8%          3
 Necrotise                Necr           12%        1d4       14%         1
 Poisonous Vapours        Pois/Air       14%        N/A       14%         2
 Cigotuvi's Dreadful Rot  Necr/Pois/Air  10%        N/A       17%         2
 Scorch                   Fire           6%         2d5       22%         2
 Sublimation of Blood     Necr           3%         N/A       22%         2
 Vampiric Draining        Necr           3%         2d6       41%         3
 Olgreb's Toxic Radiance  Pois           10%        N/A       54%         4
 Flame Wave               Conj/Fire      3%         2d5       82%         4
 Freezing Cloud           Conj/Ice/Air   4%         6-21      91%         5
 Agony                    Necr           3%         N/A       99%         5
 Summon Cactus Giant      Summ           1%         N/A       100%        6
 Summon Hydra             Summ           1%         N/A       100%        7

Inventory:

Missiles
 d - 5 javelins
 j - 38 poisoned darts
 n - 6 curare-tipped darts {=f}
 x - 3 boomerangs
 D - 117 stones
Armour
 a - a +0 robe (melded)
 q - +0 gold dragon scales {rare}
   (You found it on level 4 of the Dungeon)
 t - a +2 cloak (melded)
   (You found it on level 4 of the Dungeon)
 u - a +2 helmet (melded)
   (You found it on level 4 of the Dungeon)
Magical Staves
 h - a staff of conjuration {!a}
   (You found it on level 4 of the Dungeon)
Jewellery
 c - a ring of ice
   (You found it on level 7 of the Dungeon)
 k - the amulet of Twilight (around neck) {Spirit Str+2 Dex+3}
   (You took it off an orc on level 3 of the Dungeon)

   [amulet of guardian spirit]

   It causes incoming damage to be divided between your reserves of health and
   magic.
   Str:       It affects your strength (+2).
   Dex:       It affects your dexterity (+3).
 s - a ring of willpower (right front paw)
   (You took it off an orc on level 6 of the Dungeon)
 C - a ring of ice
   (You found it on level 2 of the Dungeon)
 F - a ring of fire
   (You found it on level 4 of the Dungeon)
 R - a ring of resist corrosion (left front paw)
   (You found it on level 1 of the Dungeon)
Wands
 f - a wand of flame (39)
   (You took it off Jessica on level 3 of the Dungeon)
 g - a wand of mindburst (30)
   (You took it off Ijyb on level 3 of the Dungeon)
 z - a wand of roots (17)
   (You took it off Amaemon on level 8 of the Dungeon)
Scrolls
 i - 3 scrolls of teleportation {@r4}
 m - 2 scrolls of immolation {!r!r}
 y - a scroll of blinking {!r}
 E - 2 scrolls of poison
 G - a scroll of summoning
Potions
 b - a potion of lignification {!q}
 e - a potion of brilliance
 l - a potion of ambrosia {unknown}
 p - a potion of mutation {!q}
 r - a potion of cancellation
 v - 2 potions of magic
 w - a potion of enlightenment
 A - a potion of haste {@q3}
 B - a potion of curing {unknown}

Dungeon Overview and Level Annotations

Branches:
Dungeon (10/15) Zot: 26152  Temple (0/1) D:7            Lair (1/5) D:10 Zot: 5930
    Orc (0/2) D:9

Altars:
Ashenzari
Cheibriados
Dithmenos
Fedhas
Gozag
Qazlal
Sif Muna

Shops:
D:2 =   D:5 [

Annotations:
D:4 3 runed translucent doors, Returnofthet's ghost, amateur GnTm
Lair:1 exclusion: oklob plant

#..#.....
##ยง#.....
#.###P..
#..# ##.
##.# #.##
##.# ##.##
#PY5#
###F# F#
.. ...
.... ..###
.##


You could see 2 blink frogs and a friendly iron imp (summoned).


Message History

You take 10 damage, and now have 66/84 hp.
You hit the cane toad. You freeze the cane toad.
The cane toad is no longer moving slowly.
The blink frog hits you.
The blink frog blinks!
A water moccasin comes into view.
The blink frog blinks!
You hit the cane toad.
The cane toad seems to slow down.
You freeze the cane toad.
A blink frog comes into view.
The blink frog misses you. ๐Ÿ˜ฎ HP[-4] MP[-1]
You take 4 damage, and now have 62/84 hp.
You lost 1 mp, and now have 10/16 mp.
The blink frog croaks.
You hit the cane toad. You freeze the cane toad.
You block the cane toad's attack. The blink frog hits you!
You focus on the pain.
You feel your power returning.
You are too injured to fight recklessly! ๐Ÿ˜ฎ HP[-11] MP[+6]
You take 11 damage, and now have 51/84 hp.
Your mp is fully restored (16).
You are too injured to fight recklessly!
You are too injured to fight recklessly!
You are too injured to fight recklessly!
You are too injured to fight recklessly!
You are too injured to fight recklessly!
You are too injured to fight recklessly!
Casting: Ice Form (dangerous; 5% risk of failure)
Confirm with . or Enter, or press ? or * to list all spells.
Your blood is infused with primal strength.
The blink frog hits you!
* * * LOW HITPOINT WARNING * * *
You block the cane toad's attack. The blink frog hits you!
* * * LOW HITPOINT WARNING * * *
The blink frog blinks!
The cane toad is no longer moving slowly.
The blink frog hits you!
* * * LOW HITPOINT WARNING * * *
The blink frog blinks!
The cane toad stings you.
* * * LOW HITPOINT WARNING * * *
The blink frog blinks!
You hit the cane toad. You freeze the cane toad.
You feel a bit better.
You kill the cane toad!
Qazlal accepts your kill.
The blink frog blinks! ๐Ÿ˜จ HP[-25] MP[-10]
You take 25 damage, and now have 26/84 hp.
MASSIVE DAMAGE!! (PAUSE)
You lost 10 mp, and now have 6/16 mp.
You punch the blink frog!
The blink frog seems to slow down.
You freeze the blink frog. You pummel the blink frog!!
The blink frog seems to slow down.
You freeze the blink frog. You block the blink frog's attack.
The blink frog hits you!
* * * LOW HITPOINT WARNING * * *
A demonic guardian appears!
The blink frog blinks!
The blink frog hits you!
* * * LOW HITPOINT WARNING * * *
The blink frog blinks! ๐Ÿ˜ฑ HP[-15] MP[-4]
You take 15 damage, and now have 11/84 hp.
You lost 4 mp, and now have 2/16 mp.
You punch the blink frog! You freeze the blink frog!
The blink frog blinks!
You block the water moccasin's attack.
Unknown command.
You punch the blink frog! You freeze the blink frog.
You feel a bit better.
You kill the blink frog!
Qazlal accepts your kill. The water moccasin bites you.
* * * LOW HITPOINT WARNING * * *
The blink frog blinks!
You have reached level 11!
Your demonic ancestry asserts itself...
You feel completely energised by your suffering. ๐Ÿ˜ฑ HP[-2]
You now have 90 max hp (+6).
You punch the water moccasin! You freeze the water moccasin.
The water moccasin completely misses you.
You completely miss the water moccasin.
You howl as the wereblood boils in your veins!
The water moccasin bites you.
* * * LOW HITPOINT WARNING * * *
You are lethally poisoned!
The water moccasin poisons you! ๐Ÿ˜ฑ HP[-5] MP[-1]
You take 5 damage, and now have 4/90 hp.
You lost 1 mp, and now have 1/17 mp.
You punch the water moccasin!
The water moccasin seems to slow down.
You freeze the water moccasin.
You feel a bit better.
You kill the water moccasin!
Qazlal accepts your kill.
* * * LOW HITPOINT WARNING * * *
You feel very sick.
The blink frog blinks!
Your iron imp hits the blink frog! ๐Ÿ˜ฑ HP[-1]
You take 1 damage, and now have 3/90 hp.
Unknown command.
It was a potion of enlightenment.
You feel very buoyant.
You fly up into the air.
You die...

Skill      XL: |  1  2  3  4  5  6  7  8  9 10 |
---------------+-------------------------------+-----
Transmutations | 2 3 4 5 7 9 10 | 10.9
Unarmed Combat | 3 4 5 7 8 |  8.0
Poison Magic   | 1 2 |  2.0
Spellcasting   | 3 4 |  4.0
Ice Magic      | 2 5 |  5.0
Invocations    | 4 |  4.3
Armour         | 2 |  2.9
Fighting       | 3 |  3.4
Dodging        | |  1.7

Action                     |  1- 3 |  4- 6 |  7- 9 | 10-12 || total
---------------------------+-------+-------+-------+-------++-------
  Melee: Unarmed           |   104 |   179 |   281 |   169 ||   733
         Headbutt          |    11 |       |       |       ||    11
         Kick              |    18 |       |       |       ||    18
         Punch             |     3 |     2 |     1 |       ||     6
         Touch             |       |       |     4 |       ||     4
   Cast: Beastly Appendage |    26 |       |       |       ||    26
         Spider Form       |     1 |    19 |    18 |       ||    38
         Wereblood         |     1 |     6 |     8 |    11 ||    26
         Ice Form          |       |     1 |    15 |    19 ||    35
Ability: End Transformatio |       |     1 |       |       ||     1
    Use: Scroll            |     3 |     1 |     9 |     5 ||    18
         Potion            |     2 |       |       |     2 ||     4
   Stab: Sleeping          |     1 |       |       |       ||     1
         Distracted        |       |       |     1 |       ||     1
 Armour: Robe              |    23 |    24 |     8 |     1 ||    56
         Skin              |       |    11 |    63 |    55 ||   129
  Dodge: Dodged            |    57 |   157 |   198 |   104 ||   516
         Repelled          |       |       |       |     1 ||     1
  Block: Other             |       |     4 |    30 |    39 ||    73

Levels and vault maps discovered:
D:1:      matt_arrival_refuge, layout_loops_corners,
          dilly_ecumenical_altar_fadedgnrine
D:2:      layout_loops_cross, serial_shops, nicolae_shop_gaudy_bauble
D:3:      layout_loops_cross, grunt_qazlal_sundering, minmay_ogre_servants,
          uniq_ijyb, uniq_natasha, uniq_jessica
D:4:      layout_basic, gammafunk_ghost_split, minmay_mini_jars
D:5:      layout_cave_pools, nicolae_dithmenos_shadow_blocks, elyvilon_altar_3,
          general_overflow_altar, serial_shops, nicolae_shop_mannequins,
          minivault_1, kennysheep_generic_room_16
D:6:      layout_gridville, minmay_bent
D:7:      layout_cave_pools, kennysheep_orc_sif_temple, cheibrodos_worm_habitat,
          evilmike_ruin_ashenzari
D:8:      layout_cave_pools, lemuel_crystal_altar, uniq_amaemon
D:9:      layout_gridville, david_orc_4
D:10:     layout_basic, erik_lair_orcish_takeover
Lair:1:   layout_cave_pods, dpeg_stationary_puzzle

Notes
Turn   | Place    | Note
-------+----------+-------------------------------------------
     0 | D:1      | kae the Demonspawn Transmuter began the quest for the Orb.
     0 | D:1      | Reached XP level 1. HP: 15/15 MP: 3/3
     0 | D:1      | magus.rc [v1.11.3]
    99 | D:1      | Reached skill level 2 in Transmutations
   221 | D:1      | Gained mutation: You are partially covered in razor-sharp
                  | scales. (AC +1, Slay +1) [demonic ancestry]
   221 | D:1      | Reached XP level 2. HP: 21/21 MP: 5/5
   418 | D:1      | You pick up a book of Blood and begin reading...
   418 | D:1      | You add the spells Sublimation of Blood and Summon Hydra to
                  | your library.
   897 | D:1      | Found a faded altar of an unknown god.
  1037 | D:2      | You pick up a book of Necromancy and begin reading...
  1037 | D:2      | You add the spells Necrotise, Vampiric Draining and Agony
                  | to your library.
  1061 | D:2      | Reached skill level 3 in Unarmed Combat
  1064 | D:2      | Learned a level 2 spell: Wereblood
  1139 | D:2      | Found Jullar's Jewellery Boutique.
  1159 | D:2      | Gained mutation: A weak demonic guardian rushes to your
                  | aid. [demonic ancestry]
  1159 | D:2      | Reached XP level 3. HP: 25/26 MP: 6/6
  1685 | D:3      | Learned a level 3 spell: Spider Form
  1723 | D:3      | Found a stormy altar of Qazlal.
  1737 | D:3      | Became a worshipper of Qazlal Stormbringer
  1743 | D:3      | HP: 5/26 [something (12)]
  1745 | D:3      | HP: 2/26 [poisoned by miscasting Spider Form]
  1872 | D:3      | HP: 2/26 [gnoll/+0 club (5)]
  1874 | D:3      | Gained mutation: You sometimes gain a little power by
                  | taking damage. [demonic ancestry]
  1874 | D:3      | Reached XP level 4. HP: 3/32 MP: 4/7
  1999 | D:3      | Reached skill level 3 in Transmutations
  2074 | D:3      | Reached skill level 1 in Poison Magic
  2258 | D:3      | Noticed Ijyb
  2259 | D:3      | Noticed Jessica
  2278 | D:3      | Killed Ijyb
  2279 | D:3      | Gained mutation: You sometimes gain power by taking damage.
                  | [demonic ancestry]
  2279 | D:3      | Reached XP level 5. HP: 29/37 MP: 2/9
  2283 | D:3      | HP: 7/37 [Jessica/+0 dagger (3)]
  2284 | D:3      | Killed Jessica
  2285 | D:3      | Reached skill level 2 in Poison Magic
  2601 | D:3      | Noticed a black bear
  2615 | D:3      | Killed a black bear
  2616 | D:3      | Reached skill level 3 in Spellcasting
  2616 | D:3      | Reached skill level 4 in Transmutations
  2616 | D:3      | Reached XP level 6. HP: 30/43 MP: 5/10
  2669 | D:3      | Identified the amulet of Twilight {Spirit Str+2 Dex+3}
  2772 | D:3      | Noticed Natasha
  2778 | D:3      | Killed Natasha
  2908 | D:3      | Reached * piety under Qazlal
  3009 | D:3      | Reached skill level 4 in Unarmed Combat
  3438 | D:4      | Learned a level 4 spell: Ice Form
  3533 | D:4      | Found a runed translucent gate.
  3533 | D:4      | Found a runed translucent gate.
  3533 | D:4      | Noticed Returnofthet's ghost (amateur GnTm)
  3534 | D:4      | Found a runed translucent gate.
  3743 | D:4      | Identified +0 gold dragon scales
  3744 | D:4      | +0 gold dragon scales {rare}; a ball python corpse
  3746 | D:4      | +0 gold dragon scales {rare}; a ball python corpse
  3746 | D:4      | q - +0 gold dragon scales {rare}
  3859 | D:4      | Gained mutation: Your touch may inflict minor irresistible
                  | damage on your foes. [demonic ancestry]
  3859 | D:4      | Reached XP level 7. HP: 44/48 MP: 1/12
  3955 | D:4      | Reached skill level 1 in Ice Magic
  3998 | D:4      | Reached skill level 5 in Transmutations
  4294 | D:5      | Entered Level 5 of the Dungeon
  4297 | D:5      | Found Rilul's Armour Boutique.
  4297 | D:5      | Noticed an animated shadow dragon scales
  4297 | D:5      | Identified a +0 crystal plate armour
  4297 | D:5      | Noticed an animated crystal plate armour
  4410 | D:5      | Reached skill level 4 in Spellcasting
  4410 | D:5      | Reached skill level 2 in Ice Magic
  4427 | D:5      | Reached ** piety under Qazlal
  4684 | D:5      | Found a blossoming altar of Fedhas.
  4776 | D:5      | Identified the +5 sling of Hits {freeze, rPois Dex+3}
  4786 | D:5      | Found a shadowy altar of Dithmenos.
  4860 | D:5      | Gained mutation: You are mostly covered in razor-sharp
                  | scales. (AC +2, Slay +2) [demonic ancestry]
  4860 | D:5      | Reached XP level 8. HP: 52/54 MP: 10/14
  4963 | D:5      | Reached skill level 3 in Ice Magic
  5054 | D:5      | Reached skill level 6 in Transmutations
  5259 | D:6      | Reached skill level 5 in Unarmed Combat
  5279 | D:6      | You add the spells Sting, Poisonous Vapours and Olgreb's
                  | Toxic Radiance to your library.
  5357 | D:6      | Reached skill level 4 in Ice Magic
  5371 | D:6      | You add the spells Cigotuvi's Dreadful Rot, Ignite Poison
                  | and Freezing Cloud to your library.
  5647 | D:6      | Identified the +6 rapier of Purpose {venom, rElec rPois
                  | rC+++ Will-}
  5877 | D:6      | You fall into a shaft and drop 3 floors!
  5994 | D:9      | Reached skill level 7 in Transmutations
  6045 | D:9      | Reached skill level 5 in Ice Magic
  6047 | D:9      | HP: 16/64 [orc/+0 mace (1)]
  6273 | D:9      | Reached *** piety under Qazlal
  6274 | D:9      | Gained mutation: Your touch may inflict irresistible damage
                  | on your foes. [demonic ancestry]
  6274 | D:9      | Reached XP level 9. HP: 50/59 MP: 6/15
  6545 | D:9      | Noticed a troll
  6556 | D:9      | Killed a troll
  6759 | D:9      | Identified the +7 falchion of the Wolf {flame, Will- Str+3
                  | Dex+2}
  6836 | D:9      | Reached skill level 6 in Unarmed Combat
  6836 | D:9      | Reached skill level 8 in Transmutations
  6855 | D:9      | HP: 17/70 [orc warrior/+0 trident (6)]
  6879 | D:9      | HP: 17/70 [something (4)]
  7056 | D:9      | Found a staircase to the Orcish Mines.
  7340 | D:8      | Reached skill level 9 in Transmutations
  7435 | D:8      | Reached skill level 7 in Unarmed Combat
  7549 | D:8      | Noticed an orange demon
  7550 | D:8      | Noticed Amaemon
  7557 | D:8      | Killed an orange demon
  7558 | D:8      | Reached XP level 10. HP: 65/65 MP: 8/16
  7565 | D:8      | Killed Amaemon
  7650 | D:8      | Reached **** piety under Qazlal
  7760 | D:8      | Found an opulent altar of Gozag.
  7782 | D:8      | Reached skill level 10 in Transmutations
  7860 | D:8      | Reached skill level 1 in Invocations
  8188 | D:7      | Reached skill level 1 in Armour
  8229 | D:7      | Reached skill level 2 in Invocations
  8363 | D:7      | Found a broken altar of Ashenzari.
  8385 | D:7      | Reached skill level 2 in Fighting
  8635 | D:7      | Found a staircase to the Ecumenical Temple.
  8716 | D:7      | Found a snail-covered altar of Cheibriados.
  8868 | D:7      | Found a shimmering blue altar of Sif Muna.
  9358 | D:10     | Entered Level 10 of the Dungeon
  9517 | D:10     | Reached skill level 2 in Armour
  9517 | D:10     | Reached skill level 3 in Invocations
  9588 | D:10     | Reached skill level 3 in Fighting
  9599 | D:10     | HP: 20/84 [something (2)]
  9604 | D:10     | Reached skill level 4 in Invocations
  9608 | D:10     | Reached skill level 8 in Unarmed Combat
  9958 | D:10     | Found a staircase to the Lair.
 10048 | D:10     | You pick up a book of Scorching and begin reading...
 10048 | D:10     | You add the spells Scorch, Flame Wave and Summon Cactus
                  | Giant to your library.
 10203 | Lair:1   | Entered Level 1 of the Lair of Beasts
 10203 | Lair:1   | Noticed an oklob plant
 10259 | Lair:1   | Noticed a cane toad
 10267 | Lair:1   | Killed a cane toad
 10269 | Lair:1   | HP: 19/84 [blink frog (8)]
 10271 | Lair:1   | HP: 8/84 [water moccasin (5)]
 10272 | Lair:1   | Gained mutation: You are powered by pain. [demonic
                  | ancestry]
 10272 | Lair:1   | Reached XP level 11. HP: 9/75 MP: 2/17
 10274 | Lair:1   | HP: 3/90 [poisoned by a water moccasin]
 10275 | Lair:1   | Succumbed to a water moccasin's poison

Vanquished Creatures
  Amaemon (D:8)
  An orange demon (D:8)
  A cane toad (Lair:1)
  2 trolls
  A blink frog (Lair:1)
  2 wraiths (D:10)
  A steam dragon (D:8)
  A warg (D:10)
  An acid dragon (D:9)
  3 water moccasins
  11 orc warriors
  An ice beast (D:5)
  A sky beast (D:8)
  3 black bears
  3 ogres
  3 centaurs
  2 phantoms
  4 kobold brigands
  5 bullfrogs
  2 gnoll sergeants
  A scorpion (D:5)
  9 killer bees
  3 howler monkeys
  4 jellies
  4 orc priests
  5 hounds
  Natasha (D:3)
  4 iguanas
  A sleepcap (D:7)
  Ijyb (D:3)
  15 orc wizards
  12 gnolls
  11 adders
  2 shadow imps
  4 white imps
  2 worms
  5 dart slugs
  45 orcs
  6 bats
  6 endoplasms
  2 giant cockroaches
  13 goblins
  8 hobgoblins
  19 jackals
  20 kobolds
  4 quokkas
  6 ball pythons
  2 frilled lizards
  2 rats
266 creatures vanquished.

Vanquished Creatures (collateral kills)
  A troll (D:10)
  A warg (D:10)
  An orc warrior (D:9)
  Jessica (D:3)
  2 gnolls
  2 orcs
  A goblin (D:3)
9 creatures vanquished.

Grand Total: 275 creatures vanquished

Table legend:
 A = Non-vault XP
 B = Vault XP
 C = Vault XP percentage of total XP
 D = Non-vault monster count
 E = Vault monster count
 F = Vault count percentage of total count
                 A         B        C        D         E       F
            +---------+---------+-------+---------+---------+-------
      Total |    7807 |    3573 |  31.4 |     214 |      61 |  22.2
            +---------+---------+-------+---------+---------+-------
        D:1 |      31 |       0 |   0.0 |      15 |       0 |   0.0
        D:2 |      34 |       0 |   0.0 |      21 |       0 |   0.0
        D:3 |     290 |     249 |  46.2 |      35 |      12 |  25.5
        D:4 |     209 |     211 |  50.2 |      13 |      10 |  43.5
        D:5 |     604 |       6 |   1.0 |      12 |       2 |  14.3
        D:6 |     681 |     415 |  37.9 |      19 |       8 |  29.6
        D:7 |     732 |     171 |  18.9 |      20 |       3 |  13.0
        D:8 |    1429 |    1192 |  45.5 |      36 |       2 |   5.3
        D:9 |    1125 |     710 |  38.7 |      20 |      15 |  42.9
       D:10 |    1844 |     619 |  25.1 |      20 |       9 |  31.0
     Lair:1 |     828 |       0 |   0.0 |       3 |       0 |   0.0
            +---------+---------+-------+---------+---------+-------

Skill      XL: |  1  2  3  4  5  6  7  8  9 10 |
---------------+-------------------------------+-----
Transmutations | 2 3 4 5 7 9 10 | 10.9
Unarmed Combat | 3 4 5 7 8 |  8.0
Poison Magic   | 1 2 |  2.0
Spellcasting   | 3 4 |  4.0
Ice Magic      | 2 5 |  5.0
Invocations    | 4 |  4.3
Armour         | 2 |  2.9
Fighting       | 3 |  3.4
Dodging        | |  1.7

Action                     |  1- 3 |  4- 6 |  7- 9 | 10-12 || total
---------------------------+-------+-------+-------+-------++-------
  Melee: Unarmed           |   104 |   179 |   281 |   169 ||   733
         Headbutt          |    11 |       |       |       ||    11
         Kick              |    18 |       |       |       ||    18
         Punch             |     3 |     2 |     1 |       ||     6
         Touch             |       |       |     4 |       ||     4
   Cast: Beastly Appendage |    26 |       |       |       ||    26
         Spider Form       |     1 |    19 |    18 |       ||    38
         Wereblood         |     1 |     6 |     8 |    11 ||    26
         Ice Form          |       |     1 |    15 |    19 ||    35
Ability: End Transformatio |       |     1 |       |       ||     1
    Use: Scroll            |     3 |     1 |     9 |     5 ||    18
         Potion            |     2 |       |       |     2 ||     4
   Stab: Sleeping          |     1 |       |       |       ||     1
         Distracted        |       |       |     1 |       ||     1
 Armour: Robe              |    23 |    24 |     8 |     1 ||    56
         Skin              |       |    11 |    63 |    55 ||   129
  Dodge: Dodged            |    57 |   157 |   198 |   104 ||   516
         Repelled          |       |       |       |     1 ||     1
  Block: Other             |       |     4 |    30 |    39 ||    73

Illustrated notes

Table legend:
 A = Kills in this place as a percentage of kills in the entire game.
 B = Kills by you in this place as a percentage of kills by you in the entire game.
 C = Kills by friends in this place as a percentage of kills by friends in the entire game.
 D = Other kills in this place as a percentage of other kills in the entire game.
 E = Experience gained in this place as a percentage of experience gained in the entire game.
 F = Experience gained in this place divided by the number of levels of this place that you have seen.
                   A       B       C       D       E      F
               +-------+-------+-------+-------+-------+----------------------
         Total | 100.0 | 100.0 | 100.0 |   N/A | 100.0 | 1034.5
       Dungeon |  98.9 |  98.9 | 100.0 |   N/A |  92.7 | 1055.2
          Lair |   1.1 |   1.1 |   0.0 |   N/A |   7.3 | 828.0
               +-------+-------+-------+-------+-------+----------------------

Table legend: (Time is in decaauts)
 A = Elapsed time spent in this place.
 B = Non-inter-level travel time spent in this place.
 C = Inter-level travel time spent in this place.
 D = Time resting spent in this place.
 E = Time spent auto-exploring this place.
 F = Levels seen in this place.
 G = Mean time per level.
                   A        B        C        D        E       F      G
               +--------+--------+--------+--------+--------+-----+--------+
         Total |  10219 |   9996 |    223 |    186 |   8056 |  11 |  929.0 |
       Dungeon |  10149 |   9927 |    222 |    186 |   8009 |  10 | 1014.9 |
          Lair |     69 |     69 |      0 |      0 |     47 |   1 |   69.0 |
               +--------+--------+--------+--------+--------+-----+--------+

Top non-repeatable levels by time:
     D:9: 1451 daAuts
     D:3: 1440 daAuts
     D:6: 1132 daAuts
     D:1: 1020 daAuts
     D:4: 968 daAuts
     D:5: 851 daAuts
    D:10: 847 daAuts
     D:2: 846 daAuts
     D:7: 811 daAuts
     D:8: 780 daAuts
  Lair:1: 69 daAuts
